 Dungeon Crawl Stone Soup version 0.30.1-3-gfc49f6343a (webtiles) character file.

Game seed: 11030507296798423549

1634 Zeor the Magician (level 8, 0/35 (55) HPs)
             Began as a Demonspawn Necromancer on Aug 10, 2023.
             Was a Believer of Kikubaaqudgha.
             Slain by a vampire (12 damage)
             ... on level 6 of the Dungeon.
             The game lasted 00:38:09 (5716 turns).

Zeor the Magician (Demonspawn Necromancer)          Turns: 5716, Time: 00:38:10

HP:   0/35 (55)     AC:  2    Str:  8      XL:     8   Next: 66%
MP:   15/19         EV: 16    Int: 23      God:    Kikubaaqudgha [**....]
Gold: 279           SH:  0    Dex:  4 (16) Spells: 3/21 levels left

rFire   . . .        b - +2 dagger (heavy)
rCold   . . .        (no shield)
rNeg    . . .        r - +0 robe
rPois   .            (no helmet)
rElec   .            (no cloak)
rCorr   .            (no gloves)
SInv    .            (no boots)
Will    .....        (no amulet)
Stlth   ++           f - +5 ring of evasion
HPRegen 0.25/turn    g - +6 ring of intelligence
MPRegen 0.16/turn

%: no passive effects
@: very heavily drained
A: hooves 2, demonic guardian 3
a: Renounce Religion, Unearth Wretches


You were on level 6 of the Dungeon.
You worshipped Kikubaaqudgha.
Kikubaaqudgha was pleased with you.
You visited 2 branches of the dungeon, and saw 7 of its levels.
You also visited: Ossuary.

You collected 279 gold pieces.

Inventory:

Hand Weapons
 a - a +1 rapier of draining
 b - a +2 heavy dagger (weapon)
 d - a +1 whip
 q - a +0 dagger
 s - a +2 whip of venom
Missiles
 j - 9 javelins
 m - 2 boomerangs
 n - 13 poisoned darts
 t - 9 silver boomerangs
Armour
 r - a +0 robe (worn)
Magical Staves
 A - a staff of cold
Jewellery
 e - a ring of fire
 f - a +5 ring of evasion (left hand)
 g - a +6 ring of intelligence (right hand)
 h - a ring of protection from cold
 k - a ring of poison resistance
 o - a ring of protection from fire
Wands
 u - a wand of iceblast (1)
 z - a wand of flame (14)
Scrolls
 p - a scroll of teleportation
Potions
 c - a potion of attraction
 i - 3 potions of cancellation
 l - a potion of curing
 v - a potion of degeneration {unknown}
 x - 2 potions of magic
 D - a potion of flight


   Skills:
 + Level 1.6 Fighting
 + Level 2.5 Short Blades
 + Level 0.2 Maces & Flails
 + Level 3.0 Dodging
 + Level 3.5 Stealth
 * Level 7.3 Spellcasting
 * Level 7.2 Necromancy
 + Level 0.3 Earth Magic


You had 3 spell levels left.
You knew the following spells:

 Your Spells              Type           Power      Damage    Failure   Level
a - Necrotise             Necr           100%       1d9       1%          1
b - Vampiric Draining     Necr           42%        2d9       1%          3
c - Animate Dead          Necr           42%        N/A       3%          4
d - Stone Arrow           Conj/Erth      18%        3d8       21%         3
e - Agony                 Necr           42%        N/A       11%         5
f - Cigotuvi's Dreadful   Necr/Pois/Air  38%        N/A       4%          2

Your spell library contained the following spells:

 Spells                   Type           Power      Damage    Failure   Level
 Kiss of Death            Conj/Necr      100%       2d13      1%          1
 Blink                    Tloc           16%        N/A       11%         2
 Lesser Beckoning         Tloc           16%        N/A       11%         2
 Momentum Strike          Conj/Tloc      16%        3d8       11%         2
 Animate Armour           Summ/Erth      18%        N/A       56%         4
 Lehudib's Crystal Spear  Conj/Erth      4%         10d3      100%        8


Dungeon Overview and Level Annotations

Branches:
Dungeon (6/15)             Temple (1/1) D:5         Ossuary (visited)

Altars:
Ashenzari
Cheibriados
Gozag
Hepliaklqana
Kikubaaqudgha
Makhleb
Nemelex Xobeh
Okawaru
Qazlal
Ru
Sif Muna
Trog
Uskayaw
Vehumet
Wu Jian
Xom
Yredelemnul


Innate Abilities, Weirdness & Mutations

You have hoof-like feet.
A powerful demonic guardian rushes to your aid.


Message History

Anything else - Cancel.
Gang up on whom?
Press: ? - help, Dir - move target, f - vampire
Aim: a vampire (ally target) Attack!
Your magical contamination has completely faded away.
Your gnoll zombie misses the vampire.
The vampire mumbles some strange words.
The vampire flickers and vanishes!
Deactivating autopickup; reactivate with Ctrl-A.
Something hits your gnoll zombie. Something bites your gnoll zombie.
Something barely misses your gnoll zombie. x2
Something hits your gnoll zombie!
Your gnoll zombie is destroyed!
You hear some strange, mumbled words.
Something tries to affect you, but you resist.
Things that are here:
a +0 halberd; a +0 spear; a gnoll corpse
Okay, then.
Found a metallic yellow potion.
Your reaping aura is weakening.
You see here a metallic yellow potion.
v - a metallic yellow potion
Found a robe.
Your reaping aura expires.
A vampire appears from thin air!
Reactivating autopickup.
The vampire misses you. The vampire bites you.
The vampire draws strength from your injuries!
You hit the vampire but do no damage. Your kick misses the vampire.
The vampire barely misses you. The vampire bites you.
The vampire draws strength from your injuries!
Casting: Stone Arrow (quite dangerous; 21% risk of failure)
Confirm with . or Enter, or press ? or * to list all spells.
You can't see any susceptible monsters within range! (Use Z to cast anyway.)
You completely miss the vampire. Your kick misses the vampire.
The vampire hits you! The vampire closely misses you. The vampire hits you.
The vampire bites you!
You die...
Kikubaaqudgha rasps: "You have failed me!
Welcome... death!"

∙∙ ▒∙∙∙∙∙∙∙∙▒▒ ▒∙
▒{∙∙∙∙∙∙∙∙▒ ▒∙
▒∙▒▒▒▒▒▒∙∙▒
▒∙▒▒▒▒▒▒▒∙▒▒▒ ▒∙∙▒
▒∙∙∙∙∙∙∙∙∙∙∙▒ ▒∙∙▒
▒▒∙∙∙∙∙∙∙∙∙∙▒ ▒∙∙▒
▒∙▒▒▒▒▒▒∙▒∙∙∙∙∙∙∙∙
▒V▒ ▒∙▒∙∙∙∙∙∙)∙
▒6▒ ▒∙▒∙∙∙∙∙∙∙∙
▒∙▒ ▒∙∙∙∙∙∙∙∙∙>
▒[▒ ▒▒▒▒∙∙∙∙∙∙∙
▒∙▒ ▒∙∙∙∙∙∙∙ ▒∙▒
▒∙∙∙∙∙∙∙ ▒∙∙ ▒▒∙ ∙
∙▒


You could see a vampire.

Vanquished Creatures
  Sigmund (D:4)
  Edmund (D:4)
  A black bear (D:5)
  2 ogres (D:5)
  An elf skeleton (D:5)
  3 scorpions
  2 quasits (D:6)
  A human zombie (D:5)
  A hound (D:4)
  2 orc priests (D:4)
  Jessica (D:2)
  2 orc wizards (D:5)
  2 iguanas
  A mummy (Ossuary)
  A gnoll (D:6)
  3 adders
  2 white imps (D:5)
  A worm (D:2)
  A dart slug (D:4)
  10 orcs
  4 ball pythons
  9 endoplasms
  2 giant cockroaches (D:4)
  3 gnoll zombies (Ossuary)
  9 goblins
  7 hobgoblins
  2 jackals (D:2)
  5 quokkas
  8 bats
  5 frilled lizards
  5 gnoll skeletons (Ossuary)
  5 goblin skeletons (Ossuary)
  4 goblin zombies (Ossuary)
  2 hobgoblin skeletons (Ossuary)
  4 hobgoblin zombies (Ossuary)
  10 kobolds
  A kobold skeleton (Ossuary)
  4 kobold zombies (Ossuary)
  6 orc skeletons
  4 orc zombies (Ossuary)
  4 rats (D:1)
  4 rat skeletons (Ossuary)
  4 rat zombies (Ossuary)
150 creatures vanquished.

Vanquished Creatures (collateral kills)
  Menkaure (Ossuary)
  An elf zombie (D:5)
  2 human zombies (D:5)
  A jelly (D:6)
  An orc priest (D:4)
  2 mummies (Ossuary)
  3 gnolls (D:6)
  4 orcs (D:4)
  A bat (D:1)
  A gnoll skeleton (Ossuary)
  2 hobgoblins
  A ball python (D:2)
  A goblin zombie (Ossuary)
  2 hobgoblin skeletons (Ossuary)
  2 kobolds
  A rat (D:1)
  A rat zombie (Ossuary)
27 creatures vanquished.

Vanquished Creatures (others)
  A jelly zombie (D:6)
  An adder zombie (D:6)
  A gnoll zombie (D:6)
  A ball python zombie (D:4)
  2 goblin zombies (D:4)
  2 orc zombies (D:5)
8 creatures vanquished.

Grand Total: 185 creatures vanquished

Notes
Turn   | Place    | Note
-------+----------+-------------------------------------------
     0 | D:1      | Zeor the Demonspawn Necromancer began the quest for the
                  | Orb.
     0 | D:1      | Reached XP level 1. HP: 13/13 MP: 3/3
   389 | D:1      | Gained mutation: A weak demonic guardian rushes to your
                  | aid. [demonic ancestry]
   389 | D:1      | Reached XP level 2. HP: 14/19 MP: 1/5
   829 | D:1      | Gained mutation: A demonic guardian rushes to your aid.
                  | [demonic ancestry]
   829 | D:1      | Reached XP level 3. HP: 24/24 MP: 5/7
   854 | D:1      | Learned a level 3 spell: Vampiric Draining
  1494 | D:2      | Noticed Jessica
  1502 | D:2      | Killed Jessica
  1503 | D:2      | Reached skill level 5 in Necromancy
  1503 | D:2      | Gained mutation: You have large cloven feet. [demonic
                  | ancestry]
  1503 | D:2      | Reached XP level 4. HP: 28/31 MP: 3/9
  1881 | D:2      | You fall into a shaft and drop 1 floor!
  2302 | D:3      | Identified the +1 helmet of Death Resistance {-Cast rElec
                  | Str+7 Int-2}
  2626 | D:4      | Reached XP level 5. HP: 22/36 MP: 1/10
  2653 | D:4      | Learned a level 4 spell: Animate Dead
  2926 | D:4      | Noticed Edmund
  3255 | D:4      | Gained mutation: A powerful demonic guardian rushes to your
                  | aid. [demonic ancestry]
  3255 | D:4      | Reached XP level 6. HP: 36/42 MP: 12/12
  3467 | D:4      | Noticed Sigmund
  3472 | D:4      | Killed Sigmund
  3473 | D:4      | Reached skill level 5 in Spellcasting
  3504 | D:4      | Killed Edmund
  3505 | D:4      | Gained mutation: You have hoof-like feet. [demonic
                  | ancestry]
  3505 | D:4      | Reached XP level 7. HP: 10/47 MP: 7/15
  3763 | D:5      | Entered Level 5 of the Dungeon
  3918 | D:5      | Found a staircase to the Ecumenical Temple.
  3924 | Temple   | Entered the Ecumenical Temple
  3962 | Temple   | Became a worshipper of Kikubaaqudgha
  4192 | D:5      | Reached skill level 1 in Short Blades
  4192 | D:5      | Reached XP level 8. HP: 13/53 MP: 16/18
  4192 | D:5      | Found a sand-covered staircase.
  4199 | D:5      | Reached skill level 1 in Fighting
  4202 | Ossuary  | Entered an ossuary
  4253 | Ossuary  | Reached * piety under Kikubaaqudgha
  4253 | Ossuary  | Received a gift from Kikubaaqudgha
  4591 | Ossuary  | Noticed Menkaure
  4602 | Ossuary  | Killed Menkaure
  4602 | Ossuary  | Reached ** piety under Kikubaaqudgha
  4897 | D:5      | Learned a level 3 spell: Stone Arrow
  4903 | D:5      | Learned a level 5 spell: Agony
  4906 | D:5      | Learned a level 2 spell: Cigotuvi's Dreadful Rot
  5716 | D:6      | Slain by a vampire

Illustrated notes

Levels and vault maps discovered:
D:1:      shiori_shiawase, layout_loops_corners, hangedman_decor_lopped,
          dreamdust_wishing_well, minmay_crystal_water, grunt_decor_one_mirror,
          minmay_misc_feat_enclosed
D:2:      layout_loops_ring, uniq_jessica
D:3:      layout_basic, chequers_serial_rivers_marsh
D:4:      layout_loops_ring, sigmund_edmund_badplayer
D:5:      layout_rooms, minmay_temple_entry_hall,
          nicolae_ossuary_entry_catacombs, hangedman_abyss_or_decor_slice
D:6:      layout_loops_ring, serial_demonic, serial_demonic_g, serial_demonic_b,
          serial_demonic_d, serial_demonic_a, hellmonk_no_cap, uniq_menkaure
Temple:   grunt_wide_crystal_templ

Skill      XL: |  1  2  3  4  5  6  7  8 |
---------------+-------------------------+-----
Spellcasting   | 3 4 5 6 7 |  7.3
Necromancy     | 5 6 7 |  7.2
Stealth        | 2 3 |  3.5
Dodging        | 2 3 |  3.0
Short Blades   | 1 2 |  2.5
Fighting       | 1 |  1.6
Maces & Flails | |  0.2
Earth Magic    | |  0.3

Action                     |  1- 3 |  4- 6 |  7- 9 || total
---------------------------+-------+-------+-------++-------
  Melee: Whip              |    42 |     4 |       ||    46
         Unarmed           |     1 |       |       ||     1
         Punch             |     1 |       |     3 ||     4
         Dagger            |       |    38 |   190 ||   228
         Kick              |       |    15 |    58 ||    73
         Rapier            |       |       |    32 ||    32
   Cast: Necrotise         |    44 |    37 |    16 ||    97
         Vampiric Draining |     1 |     9 |     6 ||    16
         Animate Dead      |       |     4 |     9 ||    13
         Stone Arrow       |       |       |     4 ||     4
         Cigotuvi's Dreadf |       |       |     4 ||     4
         Agony             |       |       |     1 ||     1
 Invoke: Unearth Wretches  |       |       |     1 ||     1
    Use: Scroll            |     5 |     3 |     8 ||    16
         Potion            |       |     3 |     6 ||     9
   Stab: Sleeping          |     2 |     8 |     4 ||    14
 Armour: Robe              |     9 |     2 |    38 ||    49
         Skin              |       |       |   146 ||   146
  Dodge: Dodged            |    44 |    52 |   256 ||   352
